 Dungeon Crawl Stone Soup version 0.28-a0-987-g8383568036 (webtiles) character file.

Game seed: 15545930459865301320

4 Barra97 the Stinger (level 1, 0/13 HPs)
             Began as a Formicid Venom Mage on Dec 3, 2021.
             Constricted to death by a ball python (1 damage)
             ... on level 1 of the Dungeon.
             The game lasted 00:01:52 (244 turns).

Barra97 the Stinger (Formicid Venom Mage)            Turns: 244, Time: 00:01:52

Health: 0/13       AC:  2    Str: 12    XL:     1   Next: 66%
Magic:  2/3        EV:  9    Int: 14    God:
Gold:   8          SH:  0    Dex: 11    Spells: 3/4 levels left

rFire   . . .      SeeInvis +   (no weapon)
rCold   . . .      Faith    .   (no shield)
rNeg    . . .      Spirit   .   a - +0 robe
rPois   .          Reflect  .   (helmet unavailable)
rElec   .          Harm     .   (no cloak)
rCorr   .          Rampage  .   (no gloves)
Will    .....                   (no boots)
Stlth   ++........              (no amulet)
HPRegen 0.04/turn               (no ring)
MPRegen 0.08/turn               (no ring)

@: constricted
A: permanent stasis, dig shafts and tunnels, antennae 3, four strong arms
a: Dig, Shaft Self


You were on level 1 of the Dungeon.
You visited 1 branch of the dungeon, and saw 1 of its levels.

You collected 8 gold pieces.

Inventory:

Armour
 a - a +0 robe (worn)
Potions
 b - 2 potions of lignification {unknown}


   Skills:
 + Level 1.8 Dodging
 + Level 2.5 Stealth
 + Level 2.2 Spellcasting
 + Level 1.2 Transmutations
 + Level 4.1 Poison Magic


You had 3 spell levels left.
You knew the following spells:

 Your Spells              Type           Power      Damage    Failure   Level
a - Sting                 Tmut/Pois      36%        1d4       8%          1

Your spell library contained the following spells:

 Spells                   Type           Power      Damage    Failure   Level
 Poisonous Vapours        Pois/Air       14%        N/A       16%         2
 Mephitic Cloud           Conj/Pois/Air  5%         N/A       36%         3
 Olgreb's Toxic Radiance  Pois           13%        N/A       38%         4


Dungeon Overview and Level Annotations

Branches:
Dungeon (1/15)

Altars:


Innate Abilities, Weirdness & Mutations

You cannot be hasted, slowed, berserked, paralysed or teleported.
You can dig through walls and to a lower floor.
You have a pair of large antennae on your head. (SInv)
Your four strong arms can wield two-handed weapons with a shield.


Message History

You hit the dart slug.
The dart slug is almost dead.
You hit the dart slug.
You kill the dart slug!
Unknown command.
Casting: Sting (safe; 8% risk of failure)
Confirm with . or Enter, or press ? or * to list all spells.
Aiming: Sting (safe; 8% risk of failure)
Press: ? - help, Shift-Dir - straight line
Okay, then.
Casting: Sting (safe; 8% risk of failure)
Confirm with . or Enter, or press ? or * to list all spells.
You don't know that spell.
Casting: Sting (safe; 8% risk of failure)
Confirm with . or Enter, or press ? or * to list all spells.
You can't see any susceptible monsters within range! (Use Z to cast anyway.)
A ball python and a jackal come into view.
You start resting.
A ball python is nearby!
A jackal comes into view.
The ball python closely misses you. The ball python grabs you.
The ball python constricts you.
The ball python bites you but does no damage.
The ball python constricts you.
You closely miss the ball python.
The ball python bites you but does no damage.
The ball python constricts you.
You barely miss the ball python. The ball python completely misses you.
The ball python constricts you.
You barely miss the ball python. The ball python bites you.
* * * LOW HITPOINT WARNING * * *
The ball python constricts you.
Casting: Sting (safe; 8% risk of failure)
Confirm with . or Enter, or press ? or * to list all spells.
Aiming: Sting (safe; 8% risk of failure)
Press: ? - help, Shift-Dir - straight line The sting misses the ball python.
The ball python bites you.
* * * LOW HITPOINT WARNING * * *
The ball python constricts you.
You die...

#... #... .h. #.... ..h
#... .... #... ...
.S#...####)##
#...........##. ##
##S....... #. #.@#..P≈≈P
##. ###.## .≈≈≈≈.
####..##...# .≈≈≈≈.≈
#........### .≈≈≈≈.≈
#...##.### ##.≈≈≈≈.≈≈≈≈..
. #.######..≈≈≈≈.≈≈≈≈.#
#.....##..≈≈≈≈.≈≈≈≈.#.
#....###.....≈≈≈≈.≈≈≈≈...
####..####.#.≈≈≈≈.≈≈≈≈...


You could see 2 jackals and a ball python.

Vanquished Creatures
  A dart slug (D:1)
  A kobold (D:1)
2 creatures vanquished.

Notes
Turn   | Place    | Note
-------+----------+-------------------------------------------
     0 | D:1      | Barra97 the Formicid Venom Mage began the quest for the
                  | Orb.
     0 | D:1      | Reached XP level 1. HP: 13/13 MP: 3/3
   244 | D:1      | Constricted to death by a ball python

Illustrated notes

Levels and vault maps discovered:
D:1:      giann_bridges, layout_rooms

Action                   || total
-------------------------++-------
Melee: Unarmed           ||    22
 Cast: Sting             ||     2
Armor: Robe              ||     6
Dodge: Dodged            ||    11

Table legend: (Time is in decaauts)
 A = Elapsed time spent in this place.
 B = Non-inter-level travel time spent in this place.
 C = Inter-level travel time spent in this place.
 D = Time resting spent in this place.
 E = Time spent auto-exploring this place.
 F = Levels seen in this place.
 G = Mean time per level.
                   A        B        C        D        E       F      G
               +--------+--------+--------+--------+--------+-----+--------+
         Total |    244 |    244 |      0 |    178 |     20 |   1 |  244.0 |
       Dungeon |    244 |    244 |      0 |    178 |     20 |   1 |  244.0 |
               +--------+--------+--------+--------+--------+-----+--------+

Top non-repeatable levels by time:
     D:1: 244 daAuts
